 Dungeon Crawl Stone Soup version 0.24-a0-278-gefa1973 (webtiles) character file.

Game seed: 12227921289455451863

291346 Anathematize the Markstengu (level 20, 0/128 HPs)
             Began as a Tengu Air Elementalist on Apr 29, 2019.
             Was the Champion of Vehumet.
             Killed by chain lightning (2 damage)
             ... on level 2 of the Vaults on Apr 30, 2019.
             The game lasted 05:46:54 (64138 turns).

Anathematize the Markstengu (TeAE)                 Turns: 64138, Time: 05:46:55

Health: 0/128      AC: 16    Str: 16    XL:     20   Next: 77%
Magic:  13/38      EV: 17    Int: 32    God:    Vehumet [******]
Gold:   1609       SH:  0    Dex: 13    Spells: 5/46 levels left

rFire    + . .     SeeInvis .   S - +4 longbow
rCold    + + .     Gourm    .   (shield currently unavailable)
rNeg     . . .     Faith    .   f - +1 swamp dragon scales
rPois    +         Spirit   .   O - +2 hat {Int+3}
rElec    +         Reflect  .   I - +0 cloak {MR+}
rCorr    .         Harm     .   X - +2 pair of gloves {Str+3}
MR       +++..                  (boots unavailable)
Stlth    ++++......             A - amulet of Dim Light {RegenMP rC+ MR+}
HPRegen  0.31/turn              x - ring of Dapipeh {rF+ rC+ Int+2}
MPRegen  0.51/turn              z - ring "Uddiuni" {rElec Str+3 Int+4 Dex-2 Slay+5}

@: flying quickly and evasively, quick
A: beak, talons 3, able to fly
}: 2/15 runes: decaying, serpentine
a: Stop Flying, Renounce Religion


You were on level 2 of the Vaults.
You worshipped Vehumet.
Vehumet was exalted by your worship.
You were near starving.

You visited 7 branches of the dungeon, and saw 34 of its levels.
You also visited: Gauntlet and Desolation.

You collected 3074 gold pieces.
You spent 1465 gold pieces at shops.

Inventory:

Hand Weapons
 l - a +2 triple sword of flaming
 S - a +4 longbow (weapon)
 Y - a +2 demon blade of freezing
Missiles
 v - 392 arrows (quivered)
Armour
 f - +1 swamp dragon scales (worn)
 n - +0 acid dragon scales
 I - a +0 cloak of magic resistance (worn)
 K - a +2 troll leather armour
 O - a +2 hat of intelligence (worn)
 R - a scarf of cloud immunity
 X - a +2 pair of gloves of strength (worn)
Magical Staves
 B - an uncursed staff of air
 L - an uncursed staff of power
 Z - an uncursed staff of cold
Jewellery
 j - an uncursed ring of protection from fire
 m - the ring of the Scarab {rPois AC+3 Int+2}
   (You found it in the Desolation of Salt)

   [ring of protection]

   It affects your AC (+3).
   It affects your intelligence (+2).
   It protects you from poison.
 o - an uncursed ring of see invisible
 q - a +5 amulet of reflection
 s - an uncursed ring of resist corrosion
 x - the ring of Dapipeh (left hand) {rF+ rC+ Int+2}
   (You found it in the Desolation of Salt)

   [ring of protection from cold]

   It affects your intelligence (+2).
   It protects you from fire.
   It protects you from cold.
 z - the ring "Uddiuni" (right hand) {rElec Str+3 Int+4 Dex-2 Slay+5}
   (You bought it in a shop on level 2 of the Orcish Mines)

   [ring of strength]

   It affects your strength (+3).
   It affects your intelligence (+4).
   It affects your dexterity (-2).
   It affects your accuracy and damage with ranged weapons and melee attacks
   (+5).
   It insulates you from electricity.
 A - the amulet of Dim Light (around neck) {RegenMP rC+ MR+}
   (You found it in the Desolation of Salt)

   [amulet of magic regeneration]

   It increases your magic regeneration.
   It protects you from cold.
   It affects your resistance to hostile enchantments.
 F - an uncursed ring of protection from magic
 H - an uncursed ring of wizardry
 W - an uncursed ring of protection from cold
Wands
 h - a wand of digging (21)
 N - a wand of acid (4)
Scrolls
 c - 2 scrolls of magic mapping
 g - a scroll of fear
 y - 21 scrolls of teleportation
 M - 11 scrolls of remove curse
 Q - 3 scrolls of identify
Potions
 b - 4 potions of mutation
 e - a potion of invisibility
 i - 3 potions of brilliance
 p - 16 potions of curing
 t - 3 potions of cancellation
 u - 2 potions of might
 w - 6 potions of agility
 C - a potion of ambrosia
 D - 4 potions of haste
 E - 8 potions of lignification
 T - a potion of magic
 U - a potion of berserk rage
Miscellaneous
 d - a lamp of fire
 J - 2 phantom mirrors
Comestibles
 r - 29 rations


   Skills:
 + Level 14.7 Fighting
 - Level 20.0 Bows
 - Level 7.0 Armour
 - Level 7.0 Dodging
 - Level 10.0 Stealth
 * Level 13.8 Spellcasting
 + Level 17.0 Conjurations
 + Level 17.2 Air Magic


You had 5 spell levels left.
You knew the following spells:

 Your Spells              Type           Power        Failure   Level  Hunger
a - Shock                 Conj/Air       ####         0%          1    None
b - Conjure Ball Lightni  Conj/Air       #######...   1%          6    ###....
c - Swiftness             Chrm/Air       ######..     1%          2    None
d - Airstrike             Air            #######...   1%          4    None
e - Chain Lightning       Conj/Air       #######...   5%          8    ######.
f - Mephitic Cloud        Conj/Pois/Air  #######.     1%          3    None
g - Summon Lightning Spi  Summ/Air       ######..     1%          4    None
h - Orb of Destruction    Conj           #######...   1%          7    #####..
i - Freezing Cloud        Conj/Ice/Air   #######...   1%          6    ###....

Your spell library contained the following spells:

 Spells                   Type           Power        Failure   Level  Hunger
 Tornado                  Air            #######...   56%         9    #######
 Ignition                 Fire           ###.......   100%        8    ######.
 Static Discharge         Conj/Air       #######.     0%          3    None
 Freeze                   Ice            ###.         1%          1    None
 Throw Frost              Conj/Ice       ######       1%          2    None
 Dazzling Spray           Conj/Hex       ######       1%          3    None
 Stone Arrow              Conj/Erth      ######       1%          3    None
 Throw Icicle             Conj/Ice       ######..     1%          4    None
 Irradiate                Conj/Tmut      ######....   1%          5    None
 Lightning Bolt           Conj/Air       #######...   1%          5    None
 Silence                  Hex/Air        ######....   2%          5    None
 Animate Skeleton         Necr           N/A          3%          1    None
 Beastly Appendage        Tmut           ###...       3%          1    None
 Confusing Touch          Hex            ###...       3%          1    None
 Corona                   Hex            ###....      3%          1    None
 Infusion                 Chrm           ###.         3%          1    None
 Pain                     Necr           ###.         3%          1    None
 Summon Small Mammal      Summ           ###.         3%          1    None
 Call Imp                 Summ           ###.....     5%          2    None
 Ensorcelled Hibernation  Hex/Ice        ###...       5%          2    None
 Shroud of Golubria       Chrm/Tloc      ###.......   5%          2    None
 Song of Slaying          Chrm           ###.....     5%          2    None
 Sticks to Snakes         Tmut           ###.....     5%          2    None
 Olgreb's Toxic Radiance  Pois           ###.....     10%         4    None
 Call Canine Familiar     Summ           ###.....     11%         3    None
 Confuse                  Hex            ###.....     11%         3    None
 Gell's Gravitas          Tloc           ###.......   11%         3    None
 Ozocubu's Armour         Chrm/Ice       ###.....     11%         3    None
 Recall                   Summ/Tloc      N/A          11%         3    None
 Regeneration             Chrm/Necr      ###.......   11%         3    None
 Spectral Weapon          Hex/Chrm       ###.....     11%         3    None
 Spider Form              Tmut/Pois      ###.......   11%         3    None
 Summon Guardian Golem    Hex/Summ       ###.....     11%         3    None
 Tukima's Dance           Hex            ###.....     11%         3    None
 Vampiric Draining        Necr           ###.......   11%         3    None
 Yara's Violent Unravell  Hex/Tmut       ###.......   24%         5    None
 Animate Dead             Necr           N/A          34%         4    None
 Ice Form                 Ice/Tmut       ###.....     34%         4    None
 Petrify                  Tmut/Erth      ###.....     34%         4    None
 Summon Ice Beast         Ice/Summ       ###.....     34%         4    None
 Aura of Abjuration       Summ           ###.......   69%         5    None
 Blade Hands              Tmut           ###.......   69%         5    None
 Borgnjor's Vile Clutch   Necr/Erth      ###.......   69%         5    None
 Metabolic Englaciation   Hex/Ice        ###.......   69%         5    None
 Summon Demon             Summ           ###.......   69%         5    None
 Summon Forest            Summ/Tloc      ###.......   69%         5    None
 Summon Mana Viper        Hex/Summ       ###.....     69%         5    None
 Spellforged Servitor     Conj/Summ      ######....   24%         7    #####..
 Darkness                 Hex            ###.......   99%         6    ###....
 Hydra Form               Tmut           ###.......   99%         6    ###....
 Shadow Creatures         Summ           N/A          99%         6    ###....
 Summon Hydra             Summ           ###.......   100%        7    #####..
 Dragon's Call            Summ           ###.......   100%        9    #######


Dungeon Overview and Level Annotations

Branches:
Dungeon (15/15)            Temple (1/1) D:5            Lair (6/6) D:8
  Swamp (4/4) Lair:4        Snake (4/4) Lair:3        Slime (0/5) Lair:5
    Orc (2/2) D:9             Elf (0/3) Orc:2        Vaults (2/5) D:13
 Depths (0/5) D:15
  Crypt: Vaults:2-3

Altars:
Ashenzari
Cheibriados
Dithmenos
Elyvilon
Fedhas
Gozag
Hepliaklqana
Kikubaaqudgha
Makhleb
Nemelex Xobeh
Okawaru
Qazlal
Ru
Sif Muna
Trog
Uskayaw
Vehumet
Wu Jian
Xom
Yredelemnul
Zin
The Shining One
Beogh
Jiyva

Shops:
D:6 [   Orc:2 ([(=   Vaults:1 *

Annotations:
D:1 exclusion: downstairs
D:8 2 runed translucent doors, exclusion: 2 doors
D:9 exclusion: upstairs
D:13 exclusion: downstairs
D:14 exclusion: downstairs
D:15 1 runed translucent door
Swamp:1 exclusion: downstairs
Swamp:2 exclusion: tentacled monstrosity
Swamp:3 1 runed translucent door, exclusions: door and downstairs, golza's ghost, adept MiFi
Swamp:4 1 runed translucent door, mad's ghost, adept HaHu


Innate Abilities, Weirdness & Mutations

You have a beak for a mouth.
You have claws for feet.
You can fly continuously.


Message History

The ironbrand convoker is heavily wounded.
The lightning arc hits you but does no damage.
You resist.
The lightning arc hits the ironbrand convoker!!
You kill the ironbrand convoker!
Vehumet accepts your kill.
You feel your power returning. The lightning arc hits you. You resist.
* * * LOW HITPOINT WARNING * * *
The lightning arc hits the cyclops!
The cyclops is moderately wounded.
The lightning arc hits you. You resist.
* * * LOW HITPOINT WARNING * * *
You are near starving!
Casting: Chain Lightning (quite dangerous; 5% risk of failure)
Confirm with . or Enter, or press ? or * to list all spells.
You hear a mighty clap of thunder!
The lightning arc hits the cyclops!!
The cyclops is almost dead.
The lightning arc hits you. You resist.
You die...

############.....#
#.....
#############.....#
#.....
#......(..((#.....#
#.....
.'(#########[#.....#
#..... .((#(#.....#
#..... +.#
#(#(#.....# #.....
#.# #)DD#.....#
#..... #.#
#)#(#.....# ######
#.# #@#ยง#.....# #.#
#(#.[.....# #.#
C(#.#.....#
#.#########.#J(...#
#...........#.(C..#
#############.(c..#
#.(...# #..((.#
'....(.


You could see a cyclops and an acid dragon.

Vanquished Creatures
  Mara (Swamp:3)
  the Lernaean hydra (Swamp:4)
  Nikola (Swamp:4)
  2 thorn hunters
  Kirke (Lair:4)
  5 nagarajas
  An orc warlord (Orc:2)
  A vault warden (Vaults:2)
  3 imperial myrmidons (Desolation)
  2 halazid warlocks (Desolation)
  A dire elephant (Lair:6)
  A deep elf death mage (Vaults:1)
  A crystal guardian (Desolation)
  3 great orbs of eyes
  A rakshasa (Vaults:2)
  6 yaktaur captains
  7 ragged hierophants (Desolation)
  7 servants of whispers (Desolation)
  26 hydras
  16 naga warriors
  3 peacekeepers (Desolation)
  2 ice dragons (Vaults:1)
  2 ghost crabs (Swamp:3)
  6 vault guards
  12 anacondas
  A shambling mangrove (Swamp:4)
  5 catoblepae
  4 centaur warriors
  2 death knights (D:14)
  12 alligators
  3 tengu warriors
  4 death yaks
  9 shock serpents
  A two-headed ogre (D:10)
  13 naga sharpshooters
  An orc high priest (Orc:2)
  Sonja (D:11)
  7 spriggans
  3 salamander mystics
  3 deep elf knights (Vaults:1)
  2 skeletal warriors (D:14)
  A glowing orange brain (Vaults:1)
  4 unseen horrors
  9 swamp dragons
  A flayed ghost (Vaults:2)
  2 spriggan druids (Swamp:4)
  8 naga ritualists
  2 wizards (D:15)
  6 ironbrand convokers
  Pikel (D:7)
  A phantasmal warrior (D:14)
  7 orc knights
  17 mana vipers
  2 necromancers
  12 cyclopes
  A human zombie (Vaults:2)
  3 manticores
  4 orc sorcerers
  17 ugly things
  6 deep elf magi
  2 salamanders
  30 naga magi
  3 elephants (Lair:6)
  4 guardian serpents
  2 vault sentinels
  30 black mambas
  3 molten gargoyles
  A human skeleton (Vaults:2)
  13 spiny frogs
  A gargoyle (D:14)
  2 torpor snails (Lair:3)
  A kobold demonologist (D:13)
  15 yaktaurs
  2 rime drakes
  2 komodo dragons
  7 freezing wraiths
  4 tengu conjurers
  11 trolls
  A polar bear (D:8)
  A wind drake (shapeshifter) (D:13)
  A harpy zombie (D:15)
  Prince Ribbit (Lair:3)
  6 tyrant leeches
  15 hornets
  18 blink frogs
  A harpy skeleton (D:14)
  46 saltlings (Desolation)
  46 slime creatures
  4 bog bodies
  9 hippogriffs
  2 shadows
  3 vampires
  4 wraiths (D:14)
  37 yaks
  4 wyverns
  A fire elemental (Lair:5)
  5 hogs (Lair:4)
  2 basilisks
  4 hungry ghosts
  32 vampire mosquitoes
  9 swamp worms
  37 nagas
  11 insubstantial wisps (Swamp:1)
  3 wargs (Orc:2)
  A soldier ant (D:14)
  2 acid dragons
  9 porcupines
  10 water moccasins
  A porcupine (shapeshifter) (D:15)
  8 swamp drakes
  A black bear (Lair:2)
  4 ice beasts
  3 phantoms
  20 orc warriors
  A slave (D:6)
  6 sky beasts
  An eye of draining (D:13)
  14 ogres
  10 wolves
  8 centaurs
  6 crocodiles
  17 bullfrogs
  2 wyvern skeletons (D:11)
  4 scorpions
  2 troll zombies (D:9)
  3 killer bees
  19 wights
  A howler monkey (D:10)
  2 electric eels
  4 crimson imps
  4 human simulacra
  2 quasits
  3 centaur zombies
  8 hounds
  5 jellies
  A bullfrog zombie (D:11)
  9 orc priests
  A bullfrog skeleton (D:9)
  4 centaur skeletons
  5 iguanas
  11 worker ants
  22 orc wizards
  2 hell rats (Lair:1)
  A killer bee zombie (D:7)
  4 ogre zombies (D:9)
  A bullfrog simulacrum (D:8)
  A hound zombie (D:7)
  A hound skeleton (D:7)
  A killer bee simulacrum (D:8)
  2 worker ant zombies
  14 adders
  8 gnolls
  A hound simulacrum (D:8)
  7 river rats (Lair:1)
  5 shadow imps
  3 white imps (D:8)
  A worker ant simulacrum (D:11)
  An ufetubus (D:8)
  5 oozes
  An adder skeleton (D:5)
  3 adder zombies
  3 worms
  2 dart slugs
  6 leopard geckos
  83 orcs
  A ball python (D:1)
  5 giant cockroaches
  3 goblins
  10 hobgoblins
  10 jackals
  6 kobolds
  5 quokkas
  9 bats
  3 frilled lizards (D:1)
  A goblin skeleton (D:9)
  4 goblin zombies (D:9)
  2 hobgoblin zombies (D:9)
  An orc skeleton (D:9)
  11 orc zombies (D:9)
  A quokka skeleton (D:5)
  7 rats
  6 fungi
  4 plants
1202 creatures vanquished.

Vanquished Creatures (collateral kills)
  Gastronok (D:8)
  4 nagarajas (Snake:4)
  3 hydras
  4 vault guards (D:13)
  3 shambling mangroves
  A death knight (D:13)
  5 alligators (Swamp:1)
  A deep troll shaman (Lair:6)
  4 death yaks (Lair:5)
  A naga sharpshooter (Snake:4)
  2 wizards
  3 ugly things
  2 cyclopes (D:11)
  A manticore (D:14)
  4 spiny frogs
  A centaur skeleton (D:14)
  A komodo dragon (Lair:5)
  A freezing wraith (D:14)
  2 yaktaurs (D:15)
  2 trolls (D:10)
  A hornet (Swamp:4)
  2 tyrant leeches
  A bog body (Swamp:1)
  A hippogriff (Lair:5)
  4 slime creatures (D:14)
  A spriggan (Swamp:1)
  Grum (D:8)
  12 yaks
  3 hungry ghosts
  A basilisk (Lair:6)
  3 vampire mosquitoes
  3 swamp worms (Swamp:1)
  A naga (Snake:4)
  A warg (Orc:2)
  15 orc warriors
  A black bear (Lair:6)
  A swamp drake (Swamp:4)
  2 ogres
  4 wolves
  2 centaurs (D:14)
  A big kobold (D:13)
  A bullfrog (D:11)
  10 wights
  2 jellies (D:10)
  3 orc priests
  10 orc wizards
  A bullfrog skeleton (D:11)
  A shadow imp (D:10)
  2 oozes (D:10)
  A leopard gecko (D:11)
  27 orcs
  2 jackals (D:10)
  A plant (Lair:6)
168 creatures vanquished.

Vanquished Creatures (others)
  19 ball lightnings
  A porcupine (Lair:5)
  A wight (D:10)
  A bush (Lair:2)
  12 fungi
  7 plants
  A withered plant (Gauntlet)
42 creatures vanquished.

Grand Total: 1412 creatures vanquished

Notes
Turn   | Place    | Note
-------+----------+-------------------------------------------
     0 | D:1      | Anathematize the Tengu Air Elementalist began the quest for
                  | the Orb.
     0 | D:1      | Reached XP level 1. HP: 10/10 MP: 4/4
   332 | D:1      | Reached XP level 2. HP: 15/15 MP: 1/6
  1313 | D:2      | Found a faded altar of an unknown god.
  1744 | D:2      | Reached XP level 3. HP: 20/20 MP: 1/7
  1751 | D:1      | Learned a level 3 spell: Static Discharge
  1798 | D:1      | Learned a level 2 spell: Swiftness
  1816 | D:2      | Reached skill level 1 in Fighting
  2016 | D:2      | Reached XP level 4. HP: 25/25 MP: 5/8
  2128 | D:2      | Reached skill level 5 in Air Magic
  3390 | D:3      | Gained mutation: You can fly continuously. [Tengu growth]
  3390 | D:3      | Reached XP level 5. HP: 29/29 MP: 6/9
  4708 | D:3      | Reached XP level 6. HP: 33/35 MP: 0/10
  5648 | D:4      | Reached skill level 5 in Conjurations
  5744 | D:4      | Found an ancient bone altar of Kikubaaqudgha.
  5854 | D:4      | Learned a level 4 spell: Airstrike
  5950 | D:4      | Reached XP level 7. HP: 40/40 MP: 5/11
  6115 | D:4      | Found a shimmering altar of Xom.
  6393 | D:5      | Entered Level 5 of the Dungeon
  6481 | D:5      | Found a staircase to the Ecumenical Temple.
  6584 | Temple   | Entered the Ecumenical Temple
  6617 | Temple   | Became a worshipper of Vehumet
  6982 | D:5      | Found a sacrificial altar of Ru.
  6982 | D:5      | Found a hide-covered altar of Uskayaw.
  6983 | D:5      | Found a stormy altar of Qazlal.
  7418 | D:5      | Found a snail-covered altar of Cheibriados.
  7765 | D:6      | Found Viediu's Armour Shop.
  7915 | D:6      | Reached XP level 8. HP: 45/45 MP: 0/13
  8309 | D:7      | Noticed Pikel
  8489 | D:7      | Noticed a hippogriff
  8492 | D:7      | Killed a hippogriff
  8905 | D:7      | Reached skill level 1 in Bows
  9085 | D:7      | You are sucked into a shaft for 2 floors!
  9089 | D:8      | Noticed a hippogriff
  9092 | D:8      | Killed a hippogriff
  9092 | D:8      | Reached skill level 2 in Bows
  9114 | D:9      | Reached * piety under Vehumet
  9114 | D:9      | Offered knowledge of Magic Dart by Vehumet.
  9114 | D:9      | Reached XP level 9. HP: 32/52 MP: 1/15
  9337 | D:9      | Reached skill level 3 in Bows
  9448 | D:9      | Noticed a troll
  9585 | D:9      | Killed a troll
  9749 | D:9      | Reached skill level 4 in Bows
  9807 | D:9      | Learned a level 5 spell: Lightning Bolt
 10242 | D:9      | Found a staircase to the Orcish Mines.
 10253 | D:8      | Noticed Gastronok
 10326 | D:9      | Noticed a troll
 10516 | D:9      | Killed a troll
 10840 | D:9      | Reached skill level 10 in Air Magic
 11077 | D:8      | Reached skill level 5 in Bows
 11154 | D:9      | Reached XP level 10. HP: 58/58 MP: 10/17
 11803 | D:7      | Paralysed by Pikel for 5 turns
 11809 | D:7      | Killed Pikel
 11809 | D:7      | Reached skill level 5 in Fighting
 11809 | D:7      | Reached skill level 10 in Conjurations
 12149 | D:8      | Offered knowledge of Sting by Vehumet.
 12155 | D:8      | Reached ** piety under Vehumet
 12160 | D:8      | Reached skill level 5 in Spellcasting
 12224 | D:8      | Reached skill level 6 in Bows
 12248 | D:8      | You are sucked into a shaft for 2 floors!
 12248 | D:10     | Entered Level 10 of the Dungeon
 12273 | D:10     | Noticed a two-headed ogre
 12520 | D:8      | Noticed a catoblepas
 12642 | D:8      | Killed a catoblepas
 12937 | D:8      | Reached skill level 7 in Bows
 13125 | D:8      | Found a large runed translucent door.
 13131 | D:8      | Found a large runed translucent door.
 13284 | D:8      | Found a staircase to the Lair.
 13386 | Lair:1   | Entered Level 1 of the Lair of Beasts
 13405 | Lair:1   | Reached XP level 11. HP: 64/64 MP: 20/20
 13423 | Lair:1   | Noticed a five-headed hydra
 13962 | Lair:1   | Offered knowledge of Mephitic Cloud by Vehumet.
 14487 | Lair:1   | Reached *** piety under Vehumet
 15213 | Lair:1   | Killed a five-headed hydra
 15947 | Lair:2   | Reached skill level 8 in Bows
 16159 | Lair:2   | Learned a level 3 spell: Mephitic Cloud
 16985 | Lair:3   | Noticed a six-headed hydra
 17045 | Lair:2   | Killed a six-headed hydra
 17154 | Lair:3   | You are sucked into a shaft for 2 floors!
 17864 | Lair:5   | Reached skill level 9 in Bows
 17864 | Lair:5   | Reached XP level 12. HP: 65/71 MP: 3/22
 18077 | Lair:5   | Learned a level 4 spell: Summon Lightning Spire
 18158 | Lair:5   | Noticed an eight-headed hydra
 18226 | Lair:5   | Killed an eight-headed hydra
 18241 | Lair:5   | Offered knowledge of Ignite Poison by Vehumet.
 18379 | Lair:5   | Found a staircase to the Slime Pits.
 19498 | Lair:4   | Found a staircase to the Swamp.
 19771 | Lair:3   | Noticed a seven-headed hydra
 19884 | Lair:4   | Killed a seven-headed hydra
 19975 | Lair:4   | Reached **** piety under Vehumet
 20325 | Lair:3   | Noticed Prince Ribbit
 20379 | Lair:3   | Killed Prince Ribbit
 20477 | Lair:3   | Found a staircase to the Snake Pit.
 20596 | Lair:3   | Offered knowledge of Irradiate by Vehumet.
 20596 | Lair:3   | Reached skill level 10 in Bows
 21016 | Lair:3   | Noticed a death yak
 21134 | Lair:2   | Killed a death yak
 21345 | Lair:3   | Got a polished leather armour
 21568 | D:8      | Killed Gastronok
 21856 | D:8      | Noticed Grum
 21860 | D:8      | Killed Grum
 22447 | D:10     | Killed a two-headed ogre
 22447 | D:10     | Reached XP level 13. HP: 76/76 MP: 16/24
 22516 | D:10     | Reached ***** piety under Vehumet
 22516 | D:10     | Offered knowledge of Ozocubu's Refrigeration by Vehumet.
 22606 | D:10     | Found a viscous altar of Jiyva.
 22839 | D:10     | Identified a scroll of acquirement
 22842 | D:10     | Got a jewelled longbow
 23709 | D:11     | Reached skill level 11 in Bows
 24575 | D:10     | Paralysed by a hornet for 1 turns
 24833 | D:11     | Noticed Sonja
 24963 | D:11     | Killed Sonja
 25595 | D:11     | Identified the cursed +1 halberd of the Undead {vamp,
                  | *Contam Int+2 Dex+6}
 25995 | D:11     | Reached skill level 15 in Air Magic
 26127 | D:11     | Identified the +1 longbow of Uncomfortable Rashes {speed,
                  | *Slow Str+3 Int+3} (You acquired it on level 10 of the
                  | Dungeon)
 27411 | D:12     | Identified the +3 leather armour of Zulaom Veqac {*Slow
                  | +Inv rF+ Slay+3} (You found it on level 3 of the Lair of
                  | Beasts)
 27732 | D:13     | Reached skill level 15 in Conjurations
 28116 | D:13     | Reached XP level 14. HP: 82/84 MP: 0/27
 28409 | D:13     | Reached skill level 12 in Bows
 28800 | D:13     | Offered knowledge of Iskenderun's Battlesphere by Vehumet.
 29081 | D:13     | Learned a level 5 spell: Iskenderun's Battlesphere
 29340 | D:13     | Found a gate to the Vaults.
 32164 | Lair:6   | Entered Level 6 of the Lair of Beasts
 33747 | Lair:6   | Reached skill level 13 in Bows
 33930 | Lair:6   | Reached XP level 15. HP: 92/92 MP: 28/28
 34267 | Lair:6   | Reached skill level 10 in Fighting
 34453 | Lair:6   | Reached skill level 14 in Bows
 34551 | Lair:6   | Reached XP level 16. HP: 97/97 MP: 20/29
 35495 | Orc:1    | Entered Level 1 of the Orcish Mines
 35503 | Orc:1    | Offered knowledge of Iron Shot by Vehumet.
 35750 | Orc:1    | You are sucked into a shaft!
 35750 | Orc:2    | Entered Level 2 of the Orcish Mines
 35755 | Orc:2    | Reached skill level 5 in Stealth
 35786 | Orc:2    | Found a gate leading to a gauntlet.
 35792 | Gauntlet | Entered a Gauntlet
 35792 | Gauntlet | Found a transporter.
 35792 | Gauntlet | Found a transporter.
 35796 | Gauntlet | Found a transporter.
 35796 | Gauntlet | Found a transporter.
 35809 | Gauntlet | Found a transporter.
 35809 | Gauntlet | Found a transporter.
 35967 | Orc:2    | Found a roughly hewn altar of Beogh.
 36114 | Orc:2    | Found a roughly hewn altar of Beogh.
 36569 | Orc:2    | Found a roughly hewn altar of Beogh.
 36588 | Orc:2    | Reached ****** piety under Vehumet
 36632 | Orc:2    | Found Daqor's Weapon Boutique.
 36821 | Orc:2    | Found a roughly hewn altar of Beogh.
 36869 | Orc:2    | Found a staircase to the Elven Halls.
 36898 | Orc:2    | Learned a level 6 spell: Iron Shot
 36914 | Orc:2    | Found a roughly hewn altar of Beogh.
 36970 | Orc:2    | Found a roughly hewn altar of Beogh.
 37168 | Orc:2    | Found a roughly hewn altar of Beogh.
 37177 | Orc:2    | Found Iddeinad's Jewellery Shoppe.
 37184 | Orc:2    | Bought the ring "Uddiuni" {rElec Str+3 Int+4 Dex-2 Slay+5}
                  | for 878 gold pieces
 37186 | Orc:2    | Bought an uncursed ring of protection from magic for 400
                  | gold pieces
 37647 | Orc:2    | Found a roughly hewn altar of Beogh.
 37647 | Orc:2    | Found Xoaw's Antique Weapon Shoppe.
 37651 | Orc:2    | Found Dooranuw's Antique Armour Emporium.
 37669 | Orc:2    | Bought a runed cloak for 187 gold pieces
 38713 | D:14     | Offered knowledge of Lee's Rapid Deconstruction by Vehumet.
 39106 | D:15     | Entered Level 15 of the Dungeon
 39227 | D:15     | Reached skill level 1 in Armour
 40179 | D:15     | Reached skill level 15 in Bows
 40559 | D:15     | Found a staircase to the Depths.
 40890 | D:15     | Found a white marble altar of Elyvilon.
 40890 | D:15     | Found a runed translucent door.
 40890 | D:15     | Noticed a daeva
 41498 | Snake:1  | Entered Level 1 of the Snake Pit
 41564 | Swamp:1  | Entered Level 1 of the Swamp
 42771 | Swamp:1  | Offered knowledge of Freezing Cloud by Vehumet.
 42780 | Swamp:1  | Learned a level 6 spell: Freezing Cloud
 44132 | Swamp:2  | Reached skill level 10 in Spellcasting
 44132 | Swamp:2  | Reached XP level 17. HP: 92/104 MP: 16/32
 44410 | Swamp:2  | Noticed a tentacled monstrosity
 45128 | Swamp:3  | Reached skill level 5 in Dodging
 45213 | Swamp:3  | Reached skill level 16 in Bows
 45235 | Swamp:3  | Reached skill level 5 in Armour
 46649 | Swamp:3  | Found a runed translucent door.
 46649 | Swamp:3  | Noticed golza's ghost (adept MiFi)
 46699 | Swamp:3  | Offered knowledge of Conjure Ball Lightning by Vehumet.
 46952 | Swamp:3  | Noticed Mara
 47047 | Swamp:3  | Killed Mara
 47578 | Swamp:3  | Learned a level 6 spell: Conjure Ball Lightning
 47879 | Swamp:4  | Entered Level 4 of the Swamp
 48764 | Swamp:4  | Noticed Nikola
 48772 | Swamp:4  | Killed Nikola
 49171 | Swamp:4  | Found a runed translucent door.
 49172 | Swamp:4  | Found a shimmering altar of Xom.
 49172 | Swamp:4  | Noticed mad's ghost (adept HaHu)
 49808 | Swamp:4  | Reached skill level 17 in Bows
 50222 | Swamp:4  | Reached XP level 18. HP: 112/112 MP: 26/33
 50247 | Swamp:4  | Offered knowledge of Orb of Destruction by Vehumet.
 50253 | Swamp:4  | Noticed the 27-headed Lernaean hydra
 50379 | Swamp:3  | Learned a level 7 spell: Orb of Destruction
 50526 | Swamp:4  | Killed the 27-headed Lernaean hydra
 50876 | Swamp:4  | Got a decaying rune of Zot
 51010 | Lair:4   | Noticed Kirke
 51015 | Lair:4   | Killed Kirke
 53000 | Snake:2  | Reached skill level 18 in Bows
 54104 | Snake:3  | Reached XP level 19. HP: 104/119 MP: 32/35
 54317 | Snake:3  | Offered knowledge of Chain Lightning by Vehumet.
 54317 | Snake:3  | Offered knowledge of Tornado by Vehumet.
 54317 | Snake:3  | Offered knowledge of Ignition by Vehumet.
 54328 | Snake:3  | Learned a level 8 spell: Chain Lightning
 54617 | Snake:4  | Entered Level 4 of the Snake Pit
 56345 | Snake:4  | Reached skill level 19 in Bows
 57775 | Snake:4  | Got a serpentine rune of Zot
 58385 | Vaults:1 | Entered Level 1 of the Vaults
 58588 | Vaults:1 | Found a ruined gateway.
 58613 | Desolati | Entered the Desolation of Salt
 58806 | Desolati | Reached skill level 10 in Stealth
 59250 | Desolati | Reached XP level 20. HP: 121/126 MP: 7/37
 59810 | Desolati | Reached skill level 20 in Bows
 59985 | Desolati | Identified Sif Muna's Disquisition on Clay and the
                  | Entourage
 59988 | Desolati | Identified the Reference Book on Slavery
 59990 | Desolati | Identified Sif Muna's Guide on Venom and Cold
 60368 | Desolati | Got a transparent bronze ring
 60369 | Desolati | Identified the ring of the Scarab {rPois AC+3 Int+2} (You
                  | found it in the Desolation of Salt)
 60381 | Desolati | Got a glittering wooden ring
 60382 | Desolati | Identified the ring of Dapipeh {rF+ rC+ Int+2} (You found
                  | it in the Desolation of Salt)
 60758 | Desolati | Identified the amulet of Dim Light {RegenMP rC+ MR+} (You
                  | found it in the Desolation of Salt)
 60783 | Desolati | Identified the Compendium of Transformation
 62768 | Vaults:1 | Found Konempie's Assorted Antiques.
 64136 | Vaults:2 | HP: 4/128 [cyclops/large rock (33)]
 64138 | Vaults:2 | Killed by chain lightning

Levels and vault maps discovered:
D:1:      lemuel_arrival_rhombus, layout_rooms
D:2:      layout_basic, chequers_ecumenical_altar_island, chequers_avenue,
          supply_closet_lemuel
D:3:      layout_basic
D:4:      layout_basic, kiku_gazebo_pond_becter, lemuel_round_altar,
          first_ration
D:5:      layout_cave_pools, gammafunk_temple_overflow_claw,
          nicolae_overflow_crystal_walls, minmay_temple_entry_large_hall
D:6:      layout_basic, serial_shops, shop
D:7:      layout_rooms, uniq_pikel
D:8:      layout_basic, grunt_lair_entry_orc_guard_hut, serial_ice,
          serial_ice_k, serial_ice_h, serial_ice_a, serial_ice_o, serial_ice_c,
          serial_ice_m, jmf_multi_god_temple2, uniq_gastronok, uniq_grum
D:9:      layout_cave_pools, zombieorc1_lemuel
D:10:     nzn_motion_control, layout_basic, hangedman_little_slice_of_home
D:11:     minmay_bloctagon, layout_rooms, uniq_sonja
D:12:     layout_irregular_city, serial_column_ruins, column_ruins_square_huge,
          column_ruins_open_small, column_ruins_grid_3, column_ruins_grid_3,
          column_ruins_columns_plus, column_ruins_grid_3, abandoned_shop,
          minivault_16
D:13:     layout_roguey, erik_vaults_2, nrook_guardian_serpent_ordinary
D:14:     layout_roguey
D:15:     grunt_enter_depths_magical_seal, layout_basic, lemuel_angel_altar
Temple:   eino_temple_scatter_basement
Lair:1:   layout_gridlike, kennysheep_rathole, grunt_megastairs_1
Lair:2:   layout_loops_ring, lemuel_fruit_fields
Lair:3:   layout_gridlike, dummy_snake_entry, lemuel_fruit_tree,
          uniq_prince_ribbit2
Lair:4:   layout_big_grid, swamp_mist_pool, uniq_kirke
Lair:5:   layout_gridlike, nicolae_slime_entry_slimehenge,
          infiniplex_staircase_pool
Lair:6:   grunt_lair_end_beastmaster, layout_long_grid
Swamp:1:  layout_basic_swamp, nicolae_swamp_dense_foliage, swamp_pool4,
          water_boxes_lemuel
Swamp:2:  layout_basic_swamp, evilmike_swamp_ruin_rubble_1
Swamp:3:  layout_falls_marsh, gammafunk_ghost_grave,
          evilmike_swamp_ruin_house_1, uniq_mara
Swamp:4:  swamp_old_school, layout_basic_swamp, ebering_ghost_xom, swamp_pool3,
          uniq_nikola
Snake:1:  layout_cave_pods
Snake:2:  layout_onion_interference, library_closet
Snake:3:  nicolae_snake_nest, layout_gridlike
Snake:4:  snake_pit, layout_chambers, st_stairs_5, serial_bayou_shore_b
Orc:1:    layout_diamond_mine
Orc:2:    grunt_orc_community_town_hall, layout_caves,
          grunt_orc_community_big_house_2, grunt_orc_community_big_house_1,
          grunt_orc_community_house_3, grunt_orc_community_house_2,
          grunt_orc_community_house_1, grunt_orc_community_house_1,
          grunt_orc_community_house_3, grunt_orc_community_house_3,
          gauntlet_entry_generic
Vaults:1: hangedman_vaults_corner_blocks, ontoclasm_vaults_idyll,
          ontoclasm_vaults_loading_screen, vaults_dpeg_encased_lava,
          vaults_dpeg_diagonal, hangedman_vaults_variations,
          layout_vaults_quadrants, portal_desolation_entry_garden, serial_shops,
          shop
Vaults:2: gammafunk_vaults_ghost_spectres, hangedman_vaults_maws,
          hangedman_vaults_stagger, v_misc_19, v_rooms_5, v_alt_pattern_5,
          v_misc_3, v_rooms_4, vaults_room_guarded_vault,
          ontoclasm_vaults_misaligned, vaults_room_grid, vaults_room_pools,
          vaults_room_door_ring, layout_vaults_ring

Skill      XL: |  1  2  3  4  5  6  7  8  9 10 11 12 13 14 15 16 17 18 19 20 |
---------------+-------------------------------------------------------------+-----
Conjurations   | 2 3 4 5 6 7 9 11 12 13 15 16 17 | 17.0
Fighting       | 1 2 3 4 5 6 7 8 9 10 11 12 13 14 | 14.7
Air Magic      | 5 6 7 8 10 11 12 14 15 16 17 | 17.2
Stealth        | 3 4 5 8 10 | 10.0
Spellcasting   | 3 4 5 6 7 8 10 11 12 13 | 13.8
Bows           | 2 5 7 9 10 11 13 14 15 17 18 19 20 | 20.0
Dodging        | 4 7 |  7.0
Armour         | 4 7 |  7.0

Action                   |  1- 3 |  4- 6 |  7- 9 | 10-12 | 13-15 | 16-18 | 19-21 || total
-------------------------+-------+-------+-------+-------+-------+-------+-------++-------
Melee: Whip              |     3 |     9 |       |       |       |       |       ||    12
       Kick              |     1 |     1 |       |     2 |       |     8 |       ||    12
       Peck              |       |     1 |     1 |       |       |     4 |       ||     6
       Flail             |       |       |     5 |       |       |       |       ||     5
       Staff             |       |       |       |     6 |       |     1 |       ||     7
       Dagger            |       |       |       |       |       |    19 |       ||    19
 Fire: Shortbow          |       |       |    20 |   399 |   302 |       |       ||   721
       Longbow           |       |       |       |       |   125 |   787 |   789 ||  1701
 Cast: Shock             |    59 |   159 |   247 |   250 |   288 |   174 |     3 ||  1180
       Static Discharge  |     1 |    10 |    21 |   113 |    70 |    41 |       ||   256
       Airstrike         |       |       |    21 |    45 |    82 |   110 |     3 ||   261
       Lightning Bolt    |       |       |       |    20 |    44 |    23 |       ||    87
       Mephitic Cloud    |       |       |       |     8 |    47 |    37 |     4 ||    96
       Swiftness         |       |       |       |     1 |       |     1 |       ||     2
       Summon Lightning  |       |       |       |    14 |    78 |    95 |    23 ||   210
       Iskenderun's Batt |       |       |       |       |    19 |    13 |       ||    32
       Freezing Cloud    |       |       |       |       |       |   187 |    55 ||   242
       Iron Shot         |       |       |       |       |       |    11 |       ||    11
       Conjure Ball Ligh |       |       |       |       |       |     9 |     1 ||    10
       Orb of Destructio |       |       |       |       |       |     1 |    57 ||    58
       Chain Lightning   |       |       |       |       |       |       |    25 ||    25
 Abil: Fly               |       |     1 |       |       |       |       |       ||     1
Evoke: Wand              |       |       |     6 |       |     1 |     5 |       ||    12
       Fan of gales      |       |       |       |       |       |     1 |       ||     1
       Phantom mirror    |       |       |       |       |       |     1 |       ||     1
  Use: Scroll            |     3 |     1 |     9 |    15 |    14 |    13 |     9 ||    64
       Potion            |       |       |     1 |       |     7 |     7 |     2 ||    17
 Stab: Sleeping          |       |       |     1 |       |       |       |       ||     1
  Eat: Chunk             |     1 |    15 |    11 |    35 |    44 |    81 |    29 ||   216
       Ration            |     1 |       |     3 |     4 |     5 |     9 |    11 ||    33
Armor: Robe              |     7 |     4 |       |       |       |       |       ||    11
       Leather armour    |       |     9 |    10 |       |       |       |       ||    19
       Troll leather arm |       |       |    16 |    58 |    76 |    27 |       ||   177
       Skin              |       |       |     3 |       |       |       |       ||     3
       Ring mail         |       |       |       |       |       |     8 |       ||     8
       Swamp dragon scal |       |       |       |       |       |    57 |    50 ||   107
Dodge: Dodged            |    14 |    26 |    61 |   157 |   151 |   224 |   121 ||   754
Block: Other             |       |       |       |       |       |     3 |    16 ||    19
       Reflection        |       |       |       |       |       |     1 |     4 ||     5

Table legend:
 A = Non-vault XP
 B = Vault XP
 C = Vault XP percentage of total XP
 D = Non-vault monster count
 E = Vault monster count
 F = Vault count percentage of total count
                 A         B        C        D         E       F
            +---------+---------+-------+---------+---------+-------
      Total |  265924 |  163435 |  38.1 |     965 |     393 |  28.9
            +---------+---------+-------+---------+---------+-------
        D:1 |      27 |       0 |   0.0 |      15 |       0 |   0.0
        D:2 |      95 |       0 |   0.0 |      20 |       0 |   0.0
        D:3 |     245 |       0 |   0.0 |      41 |       0 |   0.0
        D:4 |     295 |       0 |   0.0 |      10 |       0 |   0.0
        D:5 |     394 |       0 |   0.0 |      22 |       0 |   0.0
        D:6 |     286 |       0 |   0.0 |       9 |       0 |   0.0
        D:7 |    1123 |     651 |  36.7 |      16 |       1 |   5.9
        D:8 |    1137 |    5227 |  82.1 |      32 |      25 |  43.9
        D:9 |    1966 |     965 |  32.9 |      30 |      31 |  50.8
       D:10 |    6908 |    1970 |  22.2 |      55 |      12 |  17.9
       D:11 |    2717 |    3616 |  57.1 |      30 |      14 |  31.8
       D:12 |    3179 |       0 |   0.0 |      21 |       0 |   0.0
       D:13 |   12443 |    6483 |  34.3 |      62 |       9 |  12.7
       D:14 |   16067 |       0 |   0.0 |      60 |       0 |   0.0
       D:15 |    7771 |    3895 |  33.4 |      24 |       8 |  25.0
     Lair:1 |    2759 |     412 |  13.0 |      13 |      13 |  50.0
     Lair:2 |    4995 |     270 |   5.1 |      21 |       1 |   4.5
     Lair:3 |    2909 |     823 |  22.1 |      15 |       3 |  16.7
     Lair:4 |    2109 |    3090 |  59.4 |      10 |       6 |  37.5
     Lair:5 |    9533 |     101 |   1.0 |      27 |       4 |  12.9
     Lair:6 |    5228 |    6646 |  56.0 |      20 |      15 |  42.9
    Swamp:1 |   13698 |       0 |   0.0 |      44 |       0 |   0.0
    Swamp:2 |   13659 |       0 |   0.0 |      27 |       0 |   0.0
    Swamp:3 |   19169 |    7664 |  28.6 |      50 |       1 |   2.0
    Swamp:4 |   19643 |   24114 |  55.1 |      45 |      25 |  35.7
    Snake:1 |   13088 |       0 |   0.0 |      23 |       0 |   0.0
    Snake:2 |   25359 |       0 |   0.0 |      42 |       0 |   0.0
    Snake:3 |   17568 |       0 |   0.0 |      36 |       0 |   0.0
    Snake:4 |   19504 |   34842 |  64.1 |      34 |      51 |  60.0
      Orc:1 |    1187 |       0 |   0.0 |       8 |       0 |   0.0
      Orc:2 |    1924 |    6875 |  78.1 |      24 |      76 |  76.0
   Vaults:1 |   19688 |    1643 |   7.7 |      40 |       3 |   7.0
   Vaults:2 |   19251 |   11531 |  37.5 |      39 |      18 |  31.6
 Desolation |       0 |   42617 | 100.0 |       0 |      77 | 100.0
            +---------+---------+-------+---------+---------+-------
